 Dungeon Crawl Stone Soup version 0.26-a0-599-gc8f6553d2c (webtiles) character file.

Game seed: 14151772991598408566

285 ANON1729 the Skirmisher (level 6, -5/58 HPs)
             Began as a Naga Fighter on Aug 29, 2020.
             Slain by an ogre
             ... wielding a +0 giant spiked club
              (29 damage)
             ... on level 3 of the Dungeon.
             The game lasted 00:03:46 (3068 turns).

ANON1729 the Skirmisher (Naga Fighter)              Turns: 3068, Time: 00:03:47

Health: -5/58      AC:  5    Str: 20    XL:     6   Next: 29%
Magic:  6/6        EV:  6    Int:  9    God:
Gold:   174        SH:  8    Dex: 10    Spells: 5/5 levels left

rFire    . . .     SeeInvis +   a - +0 war axe
rCold    . . .     Faith    .   c - +0 kite shield
rNeg     . . .     Spirit   .   b - +0 scale mail
rPois    +         Reflect  .   (no helmet)
rElec    .         Harm     .   (no cloak)
rCorr    .                      (no gloves)
MR       .....                  (no barding)
Stlth    ..........             (no amulet)
HPRegen  0.19/turn              (no ring)
MPRegen  0.10/turn              (no ring)

@: lethally poisoned (-5 -> -6), very slow
A: large, see invisible, deformed body, poison resistance, slowness 2, spit
poison 1, AC +2
a: Spit Poison


You were on level 3 of the Dungeon.
You visited 1 branch of the dungeon, and saw 3 of its levels.

You collected 174 gold pieces.

Inventory:

Hand Weapons
 a - a +0 war axe (weapon)
Missiles
 j - 42 arrows
Armour
 b - a +0 scale mail (worn)
 c - a +0 kite shield (worn)
Scrolls
 e - 3 scrolls of identify {unknown}
 f - 2 scrolls of enchant weapon {unknown}
 g - a scroll of immolation {unknown}
 h - 2 scrolls of random uselessness {unknown}
 i - 4 scrolls of remove curse {unknown}
 l - a scroll of fog {unknown}
 m - a scroll of amnesia {unknown}
Potions
 d - a potion of might
 k - 2 potions of stabbing {unknown}
 n - a potion of berserk rage {unknown}
 o - 2 potions of haste {unknown}
 p - a potion of degeneration {unknown}
 q - a potion of brilliance {unknown}


   Skills:
 + Level 4.5 Fighting
 + Level 4.0 Axes
 - Level 2.4 Armour
 + Level 2.6 Dodging
 - Level 2.5 Shields


You had 5 spell levels left.
You didn't know any spells.
Your spell library contained the following spells:

 Spells                   Type           Power        Failure   Level
 Blink                    Tloc           N/A          100%        2
 Gell's Gravitas          Tloc           #.........   100%        3
 Lesser Beckoning         Tloc           #.........   100%        3
 Teleport Other           Tloc           #.......     100%        3
 Passage of Golubria      Tloc           N/A          100%        4


Dungeon Overview and Level Annotations

Branches:
Dungeon (3/15)

Altars:
Cheibriados
Makhleb


Innate Abilities, Weirdness & Mutations

You cannot wear boots.
Your serpentine skin is tough. (AC +2)
You have supernaturally acute eyesight. (SInv)
Armour fits poorly on your strangely shaped body.
Your system is resistant to poisons. (rPois)
You cover ground very slowly.
You can spit poison.


Message History

You feel sick.
There is a stone staircase leading down here.
You have got your breath back.
Press: ? - help, Shift-Dir - straight line, f/p - ogre
Aim: an ogre, wielding a +0 giant spiked club (heavily wounded)
The splash of poison hits the ogre.
The ogre is poisoned.
The ogre is severely wounded.
You hit the ogre.
The ogre is severely wounded.
You feel sick.
The ogre hits you with a +0 giant spiked club!
You hit the ogre.
The ogre is almost dead.
You have got your breath back.
You block the ogre's attack.
You hit the ogre.
The ogre is almost dead.
The ogre hits you with a +0 giant spiked club!!
Ouch! That really hurt!
You die...

......#......#.###
......#..........#
......####.......#
......####.......#
.........#.......#
.........####..###
.........)..#..#
###....##.#..###
#.#####...O@.# #
#..#.#.# #..#...#
#..##### #... ##.#
..# ###


You could see an ogre (poisoned).

Vanquished Creatures
  A phantom (D:3)
  4 gnolls (D:2)
  8 adders
  3 worms
  4 dart slugs
  2 leopard geckos (D:3)
  An orc (D:3)
  6 giant cockroaches
  9 hobgoblins
  6 jackals
  2 quokkas (D:2)
  6 bats
  3 frilled lizards
  2 goblins
  8 kobolds
  7 rats
72 creatures vanquished.

Notes
Turn   | Place    | Note
-------+----------+-------------------------------------------
     0 | D:1      | ANON1729 the Naga Fighter began the quest for the Orb.
     0 | D:1      | Reached XP level 1. HP: 21/21 MP: 1/1
   176 | D:1      | Reached XP level 2. HP: 24/28 MP: 2/2
   803 | D:2      | Reached XP level 3. HP: 33/34 MP: 3/3
   849 | D:2      | Reached skill level 1 in Dodging
   975 | D:2      | Reached XP level 4. HP: 13/43 MP: 4/4
  2120 | D:2      | Found a snail-covered altar of Cheibriados.
  2139 | D:2      | Reached XP level 5. HP: 38/50 MP: 5/5
  2436 | D:3      | Found a burning altar of Makhleb.
  2540 | D:3      | Noticed a phantom
  2583 | D:3      | Killed a phantom
  2583 | D:3      | Reached XP level 6. HP: 14/58 MP: 6/6
  3068 | D:3      | Slain by an ogre

Illustrated notes

Levels and vault maps discovered:
D:1:      kennysheep_arrival_seaside, layout_loops_ring
D:2:      layout_loops_ring, kennysheep_slug_shrine
D:3:      layout_basic, bloody_makhleb

Skill      XL: |  1  2  3  4  5  6 |
---------------+-------------------+-----
Dodging        | 1 2 |  2.6
Axes           | 3 4 |  4.0
Fighting       | 4 |  4.5
Armour         | |  2.4
Shields        | |  2.5

Action                   |  1- 3 |  4- 6 || total
-------------------------+-------+-------++-------
Melee: War axe           |    96 |   169 ||   265
 Abil: Spit Poison       |       |    11 ||    11
Armor: Scale mail        |    38 |    66 ||   104
Dodge: Dodged            |    22 |    34 ||    56
Block: Kite shield       |    65 |    90 ||   155

Table legend: (Time is in decaauts)
 A = Elapsed time spent in this place.
 B = Non-inter-level travel time spent in this place.
 C = Inter-level travel time spent in this place.
 D = Time resting spent in this place.
 E = Time spent auto-exploring this place.
 F = Levels seen in this place.
 G = Mean time per level.
                   A        B        C        D        E       F      G
               +--------+--------+--------+--------+--------+-----+--------+
         Total |   3827 |   3678 |    149 |   1134 |   1858 |   3 | 1275.7 |
       Dungeon |   3827 |   3678 |    149 |   1134 |   1858 |   3 | 1275.7 |
               +--------+--------+--------+--------+--------+-----+--------+

Top non-repeatable levels by time:
     D:2: 1478 daAuts
     D:3: 1234 daAuts
     D:1: 1114 daAuts
